 Dungeon Crawl Stone Soup version 0.28.0-62-gf88900778d (webtiles) character file.

Game seed: 2841640467983385903

120 cbfl8 the Sneak (level 5, 0/31 HPs)
             Began as a Kobold Brigand on Apr 12, 2024.
             Shot with a stone by a goblin (1 damage)
             ... led by Robin
             ... on level 2 of the Dungeon.
             The game lasted 00:05:10 (3033 turns).

cbfl8 the Sneak (Kobold Brigand)                    Turns: 3033, Time: 00:05:10

Health: 0/31       AC:  3    Str: 10    XL:     5   Next: 25%
Magic:  5/5        EV: 14    Int: 13    God:
Gold:   104        SH:  0    Dex: 16    Spells: 4/4 levels left

rFire   . . .      SeeInvis .   a - +2 dagger
rCold   . . .      Faith    .   (no shield)
rNeg    . . .      Spirit   .   b - +0 robe
rPois   .          Reflect  .   (no helmet)
rElec   .          Harm     .   c - +0 cloak
rCorr   .          Rampage  .   (no gloves)
Will    .....                   (no boots)
Stlth   +++++.....              (no amulet)
HPRegen 0.10/turn               (no ring)
MPRegen 0.09/turn               (no ring)

@: no status effects
A: small, no large weapons, nightstalker 3
a: no special abilities


You were on level 2 of the Dungeon.
You visited 1 branch of the dungeon, and saw 3 of its levels.

You collected 104 gold pieces.

Inventory:

Hand Weapons
 a - a +2 dagger (weapon)
Missiles
 d - 12 poisoned darts
 e - 2 curare-tipped darts (quivered)
Armour
 b - a +0 robe (worn)
 c - a +0 cloak (worn)
 j - a +0 leather armour
Scrolls
 f - 3 scrolls of magic mapping {unknown}
 i - a scroll of fog
 l - a scroll of vulnerability {unknown}
 m - a scroll of fear {unknown}
Potions
 g - a potion of might {unknown}
 h - 2 potions of lignification {unknown}


   Skills:
 + Level 2.5 Fighting
 + Level 3.8 Short Blades
 + Level 2.3 Throwing
 + Level 1.6 Dodging
 + Level 7.0 Stealth
 * Level 2.0 Evocations


You had 4 spell levels left.
You didn't know any spells.
Your spell library contained the following spells:

 Spells                   Type           Power      Damage    Failure   Level
 Apportation              Tloc           0%         N/A       30%         1
 Portal Projectile        Hex/Tloc       0%         N/A       67%         3
 Alistair's Intoxication  Tmut/Pois      0%         N/A       100%        5
 Blade Hands              Tmut           0%         N/A       100%        5
 Excruciating Wounds      Necr           0%         N/A       100%        5


Dungeon Overview and Level Annotations

Branches:
Dungeon (3/15)

Altars:

Annotations:
D:2 Robin
D:3 Ijyb


Innate Abilities, Weirdness & Mutations

You are small and have problems with some larger weapons.
You are completely attuned to the shadows.


Message History

The stone misses you.
Unknown command.
The goblin shoots a stone.
The stone hits you. Robin throws the goblin at you!
The goblin hits you with a +0 dagger.
You closely miss the goblin. The hobgoblin closely misses you.
Robin throws the goblin at you! The goblin closely misses you.
The hobgoblin closely misses you.
The goblin unwields a +2 vorpal hunting sling.
The goblin wields a +0 club.
The goblin barely misses you.
You closely miss the goblin. The goblin misses you.
Robin roars a battlecry!
The goblins go into a battle-frenzy!
The hobgoblin closely misses you.
You hear an angry hiss.
You barely miss the goblin. The goblin closely misses you.
Robin hits you from afar with a +0 spear.
The goblin hits you but does no damage. The hobgoblin hits you.
The goblin hits you with a +0 club. Robin hits you but does no damage.
The hobgoblin misses you. The goblin hits you with a +0 club. Robin misses you.
The goblin unwields a +0 club.
The goblin wields a +2 vorpal hunting sling.
The goblin shoots a stone.
The stone closely misses you. Robin throws the goblin at you!
The goblin hits you with a +0 dagger. The hobgoblin misses you.
You hit the goblin.
You kill the goblin!
You see here a +0 dagger.
The goblin shoots a stone.
The stone closely misses you. Robin throws the goblin at you!
The goblin unwields a +2 vorpal hunting sling.
The goblin wields a +0 club.
The goblin misses you. The goblin hits you with a +0 club.
* * * LOW HITPOINT WARNING * * *
The goblin unwields a +0 club.
The goblin wields a +2 vorpal hunting sling.
The goblin shoots a stone.
The stone misses you.
The goblin shoots a stone.
The stone hits you.
* * * LOW HITPOINT WARNING * * *
You die...

.# ####....# ..##....#..#
#..#.>.รท...# ##########.
#.......#.#
##.....#.....###....## #
##.............##g....# #.#
#...............#.g.#.# #.#
#.....<.........#g.##.#
#.###..........@.g.g).###.#
##.##..............g..## #.####
.)....................## #....#
##########.............###....##.
..#P#... .#...................
#.#P#.#r ##.#####........


P..PP.PP #..# ##....... #.#.#.# ...# ####...... P.#_# #.. ####.#.# #........<
You could see 2 hobgoblins and a goblin (strong).

Vanquished Creatures
  6 adders
  A worm (D:2)
  2 dart slugs
  An orc (D:3)
  A bat (D:3)
  4 endoplasms
  2 giant cockroaches (D:1)
  10 goblins
  7 hobgoblins
  4 kobolds
  A quokka (D:2)
  7 ball pythons
  4 frilled lizards
  7 rats
57 creatures vanquished.

Vanquished Creatures (others)
  A rat (D:3)
  A fungus (D:2)
  2 plants (D:2)
4 creatures vanquished.

Grand Total: 61 creatures vanquished

Notes
Turn   | Place    | Note
-------+----------+-------------------------------------------
     0 | D:1      | cbfl8 the Kobold Brigand began the quest for the Orb.
     0 | D:1      | Reached XP level 1. HP: 12/12 MP: 1/1
   159 | D:1      | Reached XP level 2. HP: 15/18 MP: 2/2
   654 | D:1      | Reached skill level 1 in Evocations
   714 | D:1      | Reached skill level 6 in Stealth
   714 | D:1      | Reached XP level 3. HP: 22/22 MP: 3/3
  1160 | D:2      | Noticed Robin
  1253 | D:2      | Reached XP level 4. HP: 27/27 MP: 4/4
  1316 | D:2      | Found a faded altar of an unknown god.
  2367 | D:3      | Reached XP level 5. HP: 11/31 MP: 5/5
  2582 | D:3      | Noticed Ijyb
  2945 | D:2      | Reached skill level 7 in Stealth
  3033 | D:2      | HP: 1/31 [goblin/stone[Robin] (6)]
  3033 | D:2      | Shot with a stone by a goblin

Illustrated notes

Levels and vault maps discovered:
D:1:      wander_arrival_abandoned_jail, layout_loops_ring,
          grunt_decor_one_mirror, kennysheep_small_spiral, st_stairs_9,
          kennysheep_nondescript
D:2:      layout_rooms, shapermc_ecumenical_altar_mp_urbaneastern, uniq_robin
D:3:      minmay_angry_zag, layout_rooms, gammafunk_ghost_split,
          minmay_splitting_lines, uniq_ijyb

Skill      XL: |  1  2  3  4  5 |
---------------+----------------+-----
Evocations     | 1 2 |  2.0
Stealth        | 6 7 |  7.0
Short Blades   | 3 |  3.8
Fighting       | |  2.5
Throwing       | |  2.3
Dodging        | |  1.6

Action                   |  1- 3 |  4- 6 || total
-------------------------+-------+-------++-------
Melee: Dagger            |    61 |    83 ||   144
Throw: Dart              |       |     2 ||     2
  Use: Scroll            |       |     4 ||     4
       Potion            |       |     1 ||     1
 Stab: Sleeping          |    14 |    11 ||    25
Armor: Robe              |    14 |    20 ||    34
Dodge: Dodged            |    44 |    78 ||   122
